Dynamic Boxscore Link
Seattle
Stormbreakers
16-30
2
FINAL
3
Cape Cod
Stingrays
18-20
Summary
Boxscore
Lineups
Recap

1st Period

1-0 STMScore
3:56Time
5v5Type

2nd Period

1-1 TiedScore
1:28Time
5v5Type
2-1 STMScore
4:37Time
5v5Type

3rd Period

2-2 TiedScore
1:59Time
5v5Type
3-2 STIScore
8:40Time
5v5Type

Penalties

1st Period
Alec Welsford (STI) for Roughing (Minor) at 4:31
Konosuke Matsui (STM) for Diving (Minor) at 10:45
Lyubomyr Makarov (STI) for Slashing (Minor) at 13:56
2nd Period
Jody Larose (STI) for Hooking (Minor) at 2:12
Konosuke Matsui (STM) for Cross-checking (Minor) at 5:05
3rd Period
Michael Dineen (STI) for Slashing (Minor) at 2:21
Bernt-Erik Takkinen (STM) for Tripping (Minor) at 9:10
Per-Axel Ekengren (STM) for Holding (Minor) at 19:14
STM
STI

Seattle Stormbreakers

# Player Pos G A PTS +/- S PIM TOI SB Hits GA TA
78 Keli Parayko D 0 1 1 -1 0 0 16:03 1 1 0 0
11 Konosuke Matsui D 0 1 1 -1 5 4 24:04 2 1 1 1
37 Anrei Loukonen RW 0 1 1 1 1 0 19:15 0 4 0 1
0 Jan Poulsen LW 1 0 1 1 5 0 15:41 1 0 0 1
0 Zane Bourbonnais C 1 0 1 -1 1 0 11:09 1 1 0 0
0 Bernt-Erik Takkinen LW 0 0 0 0 0 2 09:50 0 1 0 0
0 Ken Maclewis D 0 0 0 1 3 0 20:34 1 0 0 1
59 Patrik Kosatka C 0 0 0 0 0 0 09:32 0 0 1 0
0 Rasmus Koso D 0 0 0 0 1 0 23:26 1 0 0 0
66 Jerri Narmala D 0 0 0 -2 2 0 22:48 2 3 0 2
55 Moses Schira RW 0 0 0 -1 1 0 11:12 0 1 0 0
6 Israel Swenson LW 0 0 0 -1 3 0 11:15 1 0 3 0
32 Wray Flamand C 0 0 0 1 1 0 19:31 0 1 3 0
29 Per-Axel Ekengren RW 0 0 0 -1 2 2 19:43 1 2 1 0
85 Ivan Crete C 0 0 0 -1 2 0 19:48 2 2 0 0
3 Rodion Betremeyev LW 0 0 0 -1 2 0 16:37 1 0 0 0
41 Vladilen Avtomov D 0 0 0 1 0 0 13:17 1 3 0 0
0 Blaz Ivanic C 0 0 0 0 0 0 09:29 0 0 0 0
# Goalie GA SA SV SV% TOI
0 Karl Pyy 3 33 30 0.909 60:00
5 Arvin Hecimovic 0 0 0 0.000 0:00
STM
STI

Stormbreakers

Stormbreakers

5 vs 5 Forward
Line #Left WingCenterRight WingPHYDFOFWanted %Time %Time Play
1Jan PoulsenWray FlamandAnrei Loukonen1132828%12:32
2Rodion BetremeyevIvan CretePer-Axel Ekengren0232726%11:43
3Israel SwensonZane BourbonnaisMoses Schira0232425%11:09
4Bernt-Erik TakkinenBlaz IvanicPatrik Kosatka0232121%9:29
5 vs 5 Defense
Line #DefenseDefensePHYDFOFWanted %Time %Time Play
1Konosuke MatsuiRasmus Koso1223134%15:13
2Keli ParaykoJerri Narmala2123030%13:36
3Ken MaclewisVladilen Avtomov0412929%13:05
4Jerri NarmalaKonosuke Matsui122107%2:59
Power Play Forward
Line #Left WingCenterRight WingPHYDFOFWanted %Time %Time Play
1Rodion BetremeyevIvan CretePer-Axel Ekengren0056555%4:24
2Jan PoulsenWray FlamandAnrei Loukonen0053545%3:32
Power Play Defense
Line #DefenseDefensePHYDFOFWanted %Time %Time Play
1Rasmus KosoKonosuke Matsui0056560%4:45
2Jerri NarmalaKen Maclewis0053540%3:11
Penalty Kill 4 Players Forward
Line #CenterWingPHYDFOFWanted %Time %Time Play
1Wray FlamandAnrei Loukonen0415045%3:02
2Ivan CretePer-Axel Ekengren0415055%3:40
Penalty Kill 4 Players Defense
Line #DefenseDefensePHYDFOFWanted %Time %Time Play
1Rasmus KosoKeli Parayko1405052%3:28
2Jerri NarmalaKonosuke Matsui1405048%3:14
Penalty Kill 3 Players
Line #WingPHYDFOFWanted %Time %Time PlayDefenseDefensePHYDFOFWanted %Time %Time Play
1Wray Flamand050520%0:00 Rasmus KosoKonosuke Matsui050500%0:00
2Ivan Crete050480%0:00 Jerri NarmalaKen Maclewis050500%0:00
4 vs 4 Forward
Line #CenterWingPHYDFOFWanted %Time %Time Play
1Wray FlamandIsrael Swenson122600%0:00
2Ivan CreteJan Poulsen122400%0:00
4 vs 4 Defense
Line #DefensePHYDFOFWanted %Time %Time Play
1Rasmus KosoKonosuke Matsui131500%0:00
2Jerri NarmalaKen Maclewis023500%0:00
Last Minutes Offensive
Left WingCenterRight WingDefenseDefense
Rodion BetremeyevWray FlamandPer-Axel EkengrenRasmus KosoKonosuke Matsui
Last Minutes Defensive
Left WingCenterRight WingDefenseDefense
Jan PoulsenIvan CreteAnrei LoukonenJerri NarmalaKen Maclewis
Time
Total ForwardTotal DefenseLast Minutes OffensiveLast Minutes Defensive
60:00 60:00 0:290:00
Extra Forwards
Normal PowerPlayPenalty Kill
Anrei Loukonen, Jan Poulsen, Bernt-Erik TakkinenAnrei Loukonen, Jan PoulsenAnrei Loukonen
Extra Defensemen
Normal PowerPlayPenalty Kill
Ken Maclewis, Keli Parayko, Vladilen AvtomovKen Maclewis, Ken MaclewisKeli Parayko
Penalty Shots
Per-Axel Ekengren, Wray Flamand, Vladilen Avtomov, Ivan Crete, Anrei Loukonen
Goalie
Karl Pyy, Arvin Hecimovic
Custom OT Lines Forwards
Per-Axel Ekengren, Wray Flamand, Rodion Betremeyev, Ivan Crete, Anrei Loukonen, Jan Poulsen, Bernt-Erik Takkinen, Blaz Ivanic, Moses Schira, Israel Swenson
Custom OT Lines Defensemen
Rasmus Koso, Konosuke Matsui, Jerri Narmala, Ken Maclewis, Keli Parayko
Scratches
Olin Oslanski (Healthy), Patrick Panitz (Sprained Left Knee Injury), Ryan Collison (Healthy)
1st Period

0:01 of 1st period - Wray Flamand wins face-off versus Kurt Palmqvist in neutral zone.
0:16 of 1st period - Snap shot by Jan Poulsen.
0:16 of 1st period - Stopped by Jensen Pettersson without a rebound.
0:17 of 1st period - Rodion Betremeyev wins face-off versus Alec Welsford in Stingrays zone.
0:20 of 1st period - Snap shot by Ivan Crete.
0:20 of 1st period - Shot Misses the Net.
0:34 of 1st period - Snap shot by Brady Europe.
0:34 of 1st period - Stopped by Karl Pyy with a rebound.
0:44 of 1st period - Ivan Crete is hit by Michael Dineen and loses puck.
0:59 of 1st period - Wrist shot by Rodion Betremeyev.
0:59 of 1st period - Stopped by Jensen Pettersson with a rebound.
1:01 of 1st period - Snap shot by Per-Axel Ekengren.
1:01 of 1st period - Stopped by Jensen Pettersson with a rebound.
1:03 of 1st period - Snap shot by Per-Axel Ekengren.
1:03 of 1st period - Stopped by Jensen Pettersson without a rebound.
1:04 of 1st period - Israel Swenson wins face-off versus Heyward Wahl in Stingrays zone.
1:22 of 1st period - Konosuke Matsui is hit by Lyubomyr Makarov and loses puck.
2:02 of 1st period - Off-side.
2:03 of 1st period - Derrick Pinches wins face-off versus Zane Bourbonnais in neutral zone.
2:30 of 1st period - Jody Larose is hit by Anrei Loukonen and loses puck.
2:39 of 1st period - Wray Flamand is hit by B.J. Keogan and loses puck.
2:57 of 1st period - Ken Maclewis is hit by Alec Welsford and loses puck.
3:56 of 1st period - Slapshot by Jan Poulsen.
3:56 of 1st period - Goal by Jan Poulsen - Stormbreakers : 1 - Stingrays : 0.
3:57 of 1st period - Kurt Palmqvist wins face-off versus Blaz Ivanic in neutral zone.
4:31 of 1st period - Minor Penalty to Alec Welsford for Roughing.
4:32 of 1st period - Heyward Wahl wins face-off versus Ivan Crete in Stingrays zone.
6:31 of 1st period - Penalty to Alec Welsford is over, Alec Welsford is back on ice.
6:34 of 1st period - Ken Maclewis is hit by Alec Welsford and loses puck.
7:16 of 1st period - Icing by Patrik Kosatka.
7:17 of 1st period - Alec Welsford wins face-off versus Zane Bourbonnais in Stormbreakers zone.
7:48 of 1st period - Per-Axel Ekengren is hit by Michael Dineen and loses puck.
8:10 of 1st period - Wrist shot by Kurt Palmqvist.
8:10 of 1st period - Shot Blocked by Jan Poulsen.
9:13 of 1st period - Slapshot by Neale Pollak.
9:13 of 1st period - Deflect By Michael Dineen.
9:13 of 1st period - Stopped by Karl Pyy without a rebound.
9:14 of 1st period - Wray Flamand wins face-off versus Kurt Palmqvist in Stormbreakers zone.
9:40 of 1st period - Wrist shot by Alec Welsford.
9:40 of 1st period - Shot Misses the Net.
10:03 of 1st period - Snap shot by Wray Flamand.
10:03 of 1st period - Shot Blocked by Jody Larose.
10:05 of 1st period - Wrist shot by Wray Flamand.
10:05 of 1st period - Shot Blocked by Roman Mishuyev.
10:07 of 1st period - Slapshot by Jerri Narmala.
10:07 of 1st period - Shot Blocked by Roman Mishuyev.
10:09 of 1st period - Slapshot by Jerri Narmala.
10:09 of 1st period - Shot Blocked by Michael Dineen.
10:11 of 1st period - Slapshot by Jan Poulsen.
10:11 of 1st period - Stopped by Jensen Pettersson without a rebound.
10:12 of 1st period - Neale Pollak wins face-off versus Ivan Crete in Stingrays zone.
10:26 of 1st period - Wrist shot by Michael Dineen.
10:26 of 1st period - Shot Blocked by Rodion Betremeyev.
10:28 of 1st period - Snap shot by Neale Pollak.
10:28 of 1st period - Deflect By Derrick Pinches.
10:28 of 1st period - Shot Misses the Net.
10:28 of 1st period - Puck is out of play.
10:29 of 1st period - Lyubomyr Makarov wins face-off versus Blaz Ivanic in Stormbreakers zone.
10:30 of 1st period - Snap shot by B.J. Keogan.
10:30 of 1st period - Stopped by Karl Pyy without a rebound.
10:31 of 1st period - B.J. Keogan wins face-off versus Blaz Ivanic in Stormbreakers zone.
10:40 of 1st period - Snap shot by Kurt Palmqvist.
10:40 of 1st period - Stopped by Karl Pyy without a rebound.
10:41 of 1st period - Neale Pollak wins face-off versus Ivan Crete in Stormbreakers zone.
10:45 of 1st period - Minor Penalty to Konosuke Matsui for Diving.
10:46 of 1st period - Wray Flamand wins face-off versus Kurt Palmqvist in Stormbreakers zone.
10:56 of 1st period - Keli Parayko is hit by Kurt Palmqvist and loses puck.
11:13 of 1st period - Per-Axel Ekengren is hit by Lyubomyr Makarov.
11:26 of 1st period - Off-side.
11:27 of 1st period - Anrei Loukonen wins face-off versus B.J. Keogan in neutral zone.
12:45 of 1st period - Penalty to Konosuke Matsui is over, Konosuke Matsui is back on ice.
12:57 of 1st period - Snap shot by Jerri Narmala.
12:57 of 1st period - Stopped by Jensen Pettersson without a rebound.
12:58 of 1st period - Heyward Wahl wins face-off versus Blaz Ivanic in Stingrays zone.
13:33 of 1st period - Slapshot by Anthony Lowry.
13:33 of 1st period - Stopped by Karl Pyy with a rebound.
13:35 of 1st period - Snap shot by Michael Dineen.
13:35 of 1st period - Shot Blocked by Rasmus Koso.
13:56 of 1st period - Minor Penalty to Lyubomyr Makarov for Slashing.
13:57 of 1st period - Yakov Raikovsky wins face-off versus Ivan Crete in Stingrays zone.
14:33 of 1st period - Snap shot by B.J. Keogan.
14:33 of 1st period - Stopped by Karl Pyy without a rebound.
14:34 of 1st period - Neale Pollak wins face-off versus Per-Axel Ekengren in Stormbreakers zone.
14:35 of 1st period - Snap shot by B.J. Keogan.
14:35 of 1st period - Shot Blocked by Ivan Crete.
15:43 of 1st period - Heyward Wahl is hit by Anrei Loukonen and loses puck.
15:56 of 1st period - Penalty to Lyubomyr Makarov is over, Lyubomyr Makarov is back on ice.
16:16 of 1st period - Francois Prigione is hit by Vladilen Avtomov and loses puck.
16:31 of 1st period - Ignaty Falbush is hit by Jerri Narmala and loses puck.
16:38 of 1st period - Roman Mishuyev is hit by Jerri Narmala and loses puck.
16:51 of 1st period - Derrick Pinches is hit by Anrei Loukonen and loses puck.
17:36 of 1st period - Roman Mishuyev is hit by Vladilen Avtomov and loses puck.
17:55 of 1st period - B.J. Keogan is hit by Vladilen Avtomov and loses puck.
18:14 of 1st period - Israel Swenson is hit by Francois Prigione and loses puck.
18:44 of 1st period - Slapshot by Anthony Lowry.
18:44 of 1st period - Deflect By Blaz Ivanic.
18:44 of 1st period - Stopped by Karl Pyy with a rebound.
18:46 of 1st period - Wrist shot by Yakov Raikovsky.
18:46 of 1st period - Shot Misses the Net.
19:01 of 1st period - Snap shot by Rodion Betremeyev.
19:01 of 1st period - Shot Misses the Net.
19:23 of 1st period - Wrist shot by Moses Schira.
19:23 of 1st period - Stopped by Jensen Pettersson without a rebound.
19:24 of 1st period - Zane Bourbonnais wins face-off versus Kurt Palmqvist in Stingrays zone.
19:47 of 1st period - Slapshot by Konosuke Matsui.
19:47 of 1st period - Stopped by Jensen Pettersson without a rebound.
19:48 of 1st period - Per-Axel Ekengren wins face-off versus Alec Welsford in Stingrays zone.
19:51 of 1st period - Slapshot by Konosuke Matsui.
19:51 of 1st period - Stopped by Jensen Pettersson without a rebound.
19:52 of 1st period - Alec Welsford wins face-off versus Ivan Crete in Stingrays zone.
Goals for this period are 1 for Stormbreakers vs 0 for Stingrays.
Shots for this period are 10 for Stormbreakers vs 7 for Stingrays.
2nd Period

0:01 of 2nd period - Lyubomyr Makarov wins face-off versus Ivan Crete in neutral zone.
0:14 of 2nd period - Slapshot by Roman Mishuyev.
0:14 of 2nd period - Shot Misses the Net.
0:38 of 2nd period - Off-side.
0:39 of 2nd period - Albert Lager wins face-off versus Ivan Crete in neutral zone.
1:12 of 2nd period - Wrist shot by Albert Lager.
1:12 of 2nd period - Stopped by Karl Pyy without a rebound.
1:13 of 2nd period - Kurt Palmqvist wins face-off versus Zane Bourbonnais in Stormbreakers zone.
1:20 of 2nd period - Slapshot by B.J. Keogan.
1:20 of 2nd period - Stopped by Karl Pyy with a rebound.
1:22 of 2nd period - Wrist shot by Kurt Palmqvist.
1:22 of 2nd period - Stopped by Karl Pyy with a rebound.
1:26 of 2nd period - Snap shot by B.J. Keogan.
1:26 of 2nd period - Shot Misses the Net.
1:28 of 2nd period - Wrist shot by Kurt Palmqvist.
1:28 of 2nd period - Goal by Kurt Palmqvist - Stormbreakers : 1 - Stingrays : 1.
1:29 of 2nd period - Neale Pollak wins face-off versus Wray Flamand in neutral zone.
2:00 of 2nd period - Wrist shot by Rodion Betremeyev.
2:00 of 2nd period - Stopped by Jensen Pettersson with a rebound.
2:02 of 2nd period - Slapshot by Ken Maclewis.
2:02 of 2nd period - Stopped by Jensen Pettersson with a rebound.
2:04 of 2nd period - Slapshot by Ken Maclewis.
2:04 of 2nd period - Stopped by Jensen Pettersson with a rebound.
2:06 of 2nd period - Slapshot by Rodion Betremeyev.
2:06 of 2nd period - Shot Misses the Net.
2:12 of 2nd period - Minor Penalty to Jody Larose for Hooking.
2:13 of 2nd period - Rodion Betremeyev wins face-off versus Heyward Wahl in Stingrays zone.
3:04 of 2nd period - Backhand shot by Yakov Raikovsky.
3:04 of 2nd period - Stopped by Karl Pyy with a rebound.
3:10 of 2nd period - Per-Axel Ekengren is hit by Francois Prigione and loses puck.
4:12 of 2nd period - Penalty to Jody Larose is over, Jody Larose is back on ice.
4:37 of 2nd period - Wrist shot by Zane Bourbonnais.
4:37 of 2nd period - Goal by Zane Bourbonnais - Stormbreakers : 2 - Stingrays : 1.
4:38 of 2nd period - Wray Flamand wins face-off versus Kurt Palmqvist in neutral zone.
4:41 of 2nd period - Dino Hartney is hit by Anrei Loukonen and loses puck.
5:05 of 2nd period - Minor Penalty to Konosuke Matsui for Cross-checking.
5:06 of 2nd period - Wray Flamand wins face-off versus Kurt Palmqvist in Stormbreakers zone.
6:09 of 2nd period - Snap shot by B.J. Keogan.
6:09 of 2nd period - Shot Misses the Net.
7:01 of 2nd period - Ken Maclewis is hit by Michael Dineen.
7:05 of 2nd period - Penalty to Konosuke Matsui is over, Konosuke Matsui is back on ice.
7:18 of 2nd period - Slapshot by Wray Flamand.
7:18 of 2nd period - Stopped by Jensen Pettersson without a rebound.
7:19 of 2nd period - Zane Bourbonnais wins face-off versus Heyward Wahl in Stingrays zone.
7:36 of 2nd period - Wrist shot by Israel Swenson.
7:36 of 2nd period - Shot Misses the Net.
7:46 of 2nd period - Per-Axel Ekengren is hit by Alec Welsford and loses puck.
7:53 of 2nd period - Snap shot by Alec Welsford.
7:53 of 2nd period - Shot Blocked by Konosuke Matsui.
8:09 of 2nd period - Patrik Kosatka is hit by Neale Pollak and loses puck.
8:18 of 2nd period - Neale Pollak is hit by Bernt-Erik Takkinen and loses puck.
8:33 of 2nd period - B.J. Keogan is hit by Moses Schira.
8:55 of 2nd period - Jody Larose is hit by Per-Axel Ekengren and loses puck.
9:16 of 2nd period - Snap shot by Jan Poulsen.
9:16 of 2nd period - Stopped by Jensen Pettersson without a rebound.
9:17 of 2nd period - Alec Welsford wins face-off versus Wray Flamand in Stingrays zone.
9:50 of 2nd period - Wrist shot by Brady Europe.
9:50 of 2nd period - Stopped by Karl Pyy without a rebound.
9:51 of 2nd period - Ivan Crete wins face-off versus Michael Dineen in Stormbreakers zone.
9:59 of 2nd period - Snap shot by Roman Mishuyev.
9:59 of 2nd period - Shot Blocked by Keli Parayko.
10:01 of 2nd period - Snap shot by Roman Mishuyev.
10:01 of 2nd period - Stopped by Karl Pyy with a rebound.
10:46 of 2nd period - Slapshot by Israel Swenson.
10:46 of 2nd period - Shot Misses the Net.
11:49 of 2nd period - Slapshot by Rasmus Koso.
11:49 of 2nd period - Shot Misses the Net.
12:09 of 2nd period - Slapshot by Rasmus Koso.
12:09 of 2nd period - Stopped by Jensen Pettersson with a rebound.
13:13 of 2nd period - Off-side.
13:14 of 2nd period - Wray Flamand wins face-off versus Neale Pollak in neutral zone.
13:27 of 2nd period - Backhand shot by Wray Flamand.
13:27 of 2nd period - Shot Misses the Net.
13:47 of 2nd period - Wrist shot by B.J. Keogan.
13:47 of 2nd period - Shot Hit the Post.
13:49 of 2nd period - Wrist shot by Lyubomyr Makarov.
13:49 of 2nd period - Stopped by Karl Pyy without a rebound.
13:50 of 2nd period - Alec Welsford wins face-off versus Ivan Crete in Stormbreakers zone.
13:51 of 2nd period - Slapshot by Brady Europe.
13:51 of 2nd period - Deflect By Jerri Narmala.
13:51 of 2nd period - Shot Misses the Net.
13:51 of 2nd period - Puck is out of play.
13:52 of 2nd period - Ivan Crete wins face-off versus Alec Welsford in Stormbreakers zone.
14:19 of 2nd period - Michael Dineen is hit by Keli Parayko and loses puck.
14:25 of 2nd period - Icing by Neale Pollak.
14:26 of 2nd period - Neale Pollak wins face-off versus Wray Flamand in Stingrays zone.
15:03 of 2nd period - Wrist shot by Neale Pollak.
15:03 of 2nd period - Deflect By Ken Maclewis.
15:03 of 2nd period - Shot Blocked by Per-Axel Ekengren.
15:03 of 2nd period - Puck is out of play.
15:04 of 2nd period - Zane Bourbonnais wins face-off versus Kurt Palmqvist in Stormbreakers zone.
15:13 of 2nd period - Snap shot by Israel Swenson.
15:13 of 2nd period - Stopped by Jensen Pettersson with a rebound.
15:38 of 2nd period - Snap shot by Albert Lager.
15:38 of 2nd period - Shot Misses the Net.
15:49 of 2nd period - Jan Poulsen is hit by Jody Larose.
16:18 of 2nd period - Snap shot by Roman Mishuyev.
16:18 of 2nd period - Stopped by Karl Pyy with a rebound.
16:56 of 2nd period - Slapshot by Jan Poulsen.
16:56 of 2nd period - Stopped by Jensen Pettersson with a rebound.
16:58 of 2nd period - Slapshot by Rasmus Koso.
16:58 of 2nd period - Shot Blocked by Roman Mishuyev.
17:00 of 2nd period - Snap shot by Anrei Loukonen.
17:00 of 2nd period - Shot Misses the Net.
17:02 of 2nd period - Wrist shot by Anrei Loukonen.
17:02 of 2nd period - Shot Misses the Net.
17:04 of 2nd period - Slapshot by Konosuke Matsui.
17:04 of 2nd period - Stopped by Jensen Pettersson without a rebound.
17:05 of 2nd period - Kurt Palmqvist wins face-off versus Ivan Crete in Stingrays zone.
17:14 of 2nd period - Lyubomyr Makarov is hit by Ivan Crete and loses puck.
17:19 of 2nd period - Wrist shot by Rodion Betremeyev.
17:19 of 2nd period - Shot Misses the Net.
17:21 of 2nd period - Slapshot by Ken Maclewis.
17:21 of 2nd period - Stopped by Jensen Pettersson with a rebound.
17:31 of 2nd period - Vladilen Avtomov is hit by Ignaty Falbush and loses puck.
17:50 of 2nd period - Slapshot by Francois Prigione.
17:50 of 2nd period - Deflect By Yakov Raikovsky.
17:50 of 2nd period - Stopped by Karl Pyy with a rebound.
17:52 of 2nd period - Wrist shot by Heyward Wahl.
17:52 of 2nd period - Shot Blocked by Israel Swenson.
17:58 of 2nd period - Snap shot by Hale Jeffs.
17:58 of 2nd period - Stopped by Karl Pyy with a rebound.
18:00 of 2nd period - Slapshot by Anthony Lowry.
18:00 of 2nd period - Stopped by Karl Pyy without a rebound.
18:01 of 2nd period - Kurt Palmqvist wins face-off versus Ivan Crete in Stormbreakers zone.
19:11 of 2nd period - Francois Prigione is hit by Ivan Crete and loses puck.
Goals for this period are 1 for Stormbreakers vs 1 for Stingrays.
Shots for this period are 11 for Stormbreakers vs 12 for Stingrays.
3rd Period

0:01 of 3rd period - Ivan Crete wins face-off versus Kurt Palmqvist in neutral zone.
0:04 of 3rd period - Roman Mishuyev is hit by Per-Axel Ekengren and loses puck.
0:11 of 3rd period - Slapshot by Roman Mishuyev.
0:11 of 3rd period - Stopped by Karl Pyy without a rebound.
0:12 of 3rd period - Kurt Palmqvist wins face-off versus Blaz Ivanic in Stormbreakers zone.
0:58 of 3rd period - Wrist shot by B.J. Keogan.
0:58 of 3rd period - Shot Blocked by Jerri Narmala.
1:00 of 3rd period - Slapshot by Anthony Lowry.
1:00 of 3rd period - Deflect By Rodion Betremeyev.
1:00 of 3rd period - Stopped by Karl Pyy with a rebound.
1:25 of 3rd period - Wrist shot by Kurt Palmqvist.
1:25 of 3rd period - Stopped by Karl Pyy with a rebound.
1:27 of 3rd period - Backhand shot by B.J. Keogan.
1:27 of 3rd period - Shot Blocked by Konosuke Matsui.
1:29 of 3rd period - Slapshot by Lyubomyr Makarov.
1:29 of 3rd period - Shot Blocked by Jerri Narmala.
1:31 of 3rd period - Slapshot by Kurt Palmqvist.
1:31 of 3rd period - Stopped by Karl Pyy with a rebound.
1:33 of 3rd period - Slapshot by Jody Larose.
1:33 of 3rd period - Shot Blocked by Ivan Crete.
1:39 of 3rd period - Wrist shot by Kurt Palmqvist.
1:39 of 3rd period - Shot Misses the Net.
1:57 of 3rd period - Snap shot by B.J. Keogan.
1:57 of 3rd period - Shot Misses the Net.
1:59 of 3rd period - Slapshot by B.J. Keogan.
1:59 of 3rd period - Goal by B.J. Keogan - Stormbreakers : 2 - Stingrays : 2.
2:00 of 3rd period - Blaz Ivanic wins face-off versus Neale Pollak in neutral zone.
2:21 of 3rd period - Minor Penalty to Michael Dineen for Slashing.
2:22 of 3rd period - Ivan Crete wins face-off versus Heyward Wahl in Stingrays zone.
2:55 of 3rd period - Slapshot by Konosuke Matsui.
2:55 of 3rd period - Stopped by Jensen Pettersson with a rebound.
2:57 of 3rd period - Slapshot by Rasmus Koso.
2:57 of 3rd period - Shot Misses the Net.
2:59 of 3rd period - Slapshot by Anrei Loukonen.
2:59 of 3rd period - Stopped by Jensen Pettersson without a rebound.
3:00 of 3rd period - Heyward Wahl wins face-off versus Ivan Crete in Stingrays zone.
3:27 of 3rd period - Jan Poulsen is hit by Ignaty Falbush and loses puck.
3:36 of 3rd period - Slapshot by Konosuke Matsui.
3:36 of 3rd period - Stopped by Jensen Pettersson without a rebound.
3:37 of 3rd period - Ivan Crete wins face-off versus Neale Pollak in Stingrays zone.
3:44 of 3rd period - Wrist shot by Ivan Crete.
3:44 of 3rd period - Stopped by Jensen Pettersson with a rebound.
3:46 of 3rd period - Wrist shot by Ivan Crete.
3:46 of 3rd period - Deflect By B.J. Keogan.
3:46 of 3rd period - Stopped by Jensen Pettersson without a rebound.
3:47 of 3rd period - Ivan Crete wins face-off versus Neale Pollak in Stingrays zone.
4:21 of 3rd period - Penalty to Michael Dineen is over, Michael Dineen is back on ice.
5:33 of 3rd period - Off-side.
5:34 of 3rd period - Heyward Wahl wins face-off versus Ivan Crete in neutral zone.
5:43 of 3rd period - Wrist shot by Hale Jeffs.
5:43 of 3rd period - Stopped by Karl Pyy with a rebound.
6:28 of 3rd period - Wrist shot by Alec Welsford.
6:28 of 3rd period - Shot Misses the Net.
6:30 of 3rd period - Slapshot by Anthony Lowry.
6:30 of 3rd period - Deflect By Albert Lager.
6:30 of 3rd period - Shot Blocked by Zane Bourbonnais.
6:30 of 3rd period - Puck is out of play.
6:31 of 3rd period - Zane Bourbonnais wins face-off versus Alec Welsford in Stormbreakers zone.
7:08 of 3rd period - Snap shot by Michael Dineen.
7:08 of 3rd period - Shot Blocked by Ken Maclewis.
7:10 of 3rd period - Snap shot by Michael Dineen.
7:10 of 3rd period - Stopped by Karl Pyy without a rebound.
7:11 of 3rd period - Blaz Ivanic wins face-off versus Kurt Palmqvist in Stormbreakers zone.
7:16 of 3rd period - Wrist shot by Jerri Narmala.
7:16 of 3rd period - Deflect By B.J. Keogan.
7:16 of 3rd period - Stopped by Jensen Pettersson with a rebound.
7:59 of 3rd period - Wrist shot by Israel Swenson.
7:59 of 3rd period - Stopped by Jensen Pettersson without a rebound.
8:00 of 3rd period - Alec Welsford wins face-off versus Zane Bourbonnais in Stingrays zone.
8:27 of 3rd period - Francois Prigione is hit by Zane Bourbonnais and loses puck.
8:34 of 3rd period - Slapshot by Dino Hartney.
8:34 of 3rd period - Shot Misses the Net.
8:36 of 3rd period - Snap shot by Albert Lager.
8:36 of 3rd period - Shot Misses the Net.
8:38 of 3rd period - Slapshot by Brady Europe.
8:38 of 3rd period - Stopped by Karl Pyy with a rebound.
8:40 of 3rd period - Snap shot by Albert Lager.
8:40 of 3rd period - Goal by Albert Lager - Stormbreakers : 2 - Stingrays : 3.
8:41 of 3rd period - Ivan Crete wins face-off versus Neale Pollak in neutral zone.
9:10 of 3rd period - Minor Penalty to Bernt-Erik Takkinen for Tripping.
9:11 of 3rd period - Wray Flamand wins face-off versus Kurt Palmqvist in Stormbreakers zone.
10:15 of 3rd period - Anrei Loukonen is hit by Michael Dineen and loses puck.
11:10 of 3rd period - Penalty to Bernt-Erik Takkinen is over, Bernt-Erik Takkinen is back on ice.
11:14 of 3rd period - Backhand shot by Israel Swenson.
11:14 of 3rd period - Stopped by Jensen Pettersson without a rebound.
11:15 of 3rd period - Blaz Ivanic wins face-off versus Heyward Wahl in Stingrays zone.
12:41 of 3rd period - Snap shot by Kurt Palmqvist.
12:41 of 3rd period - Stopped by Karl Pyy with a rebound.
13:17 of 3rd period - Snap shot by Neale Pollak.
13:17 of 3rd period - Shot Misses the Net.
13:19 of 3rd period - Wrist shot by Michael Dineen.
13:19 of 3rd period - Stopped by Karl Pyy with a rebound.
13:54 of 3rd period - Patrik Kosatka is hit by Jody Larose and loses puck.
14:13 of 3rd period - Ken Maclewis is hit by Ignaty Falbush and loses puck.
15:01 of 3rd period - Snap shot by Michael Dineen.
15:01 of 3rd period - Stopped by Karl Pyy without a rebound.
15:02 of 3rd period - Blaz Ivanic wins face-off versus Neale Pollak in Stormbreakers zone.
15:27 of 3rd period - Neale Pollak is hit by Konosuke Matsui and loses puck.
15:55 of 3rd period - Slapshot by Anthony Lowry.
15:55 of 3rd period - Shot Blocked by Vladilen Avtomov.
15:57 of 3rd period - Wrist shot by Lyubomyr Makarov.
15:57 of 3rd period - Stopped by Karl Pyy with a rebound.
15:59 of 3rd period - Wrist shot by Kurt Palmqvist.
15:59 of 3rd period - Stingrays goal is going for a video replay.
15:59 of 3rd period - The goal is refused. The goalkeeper has been pushed into the net together with the puck after making a save..
16:00 of 3rd period - Kurt Palmqvist wins face-off versus Blaz Ivanic in Stormbreakers zone.
16:40 of 3rd period - Jody Larose is hit by Jerri Narmala and loses puck.
17:12 of 3rd period - Slapshot by Neale Pollak.
17:12 of 3rd period - Shot Misses the Net.
17:40 of 3rd period - Wrist shot by Per-Axel Ekengren.
17:40 of 3rd period - Shot Misses the Net.
17:54 of 3rd period - Roman Mishuyev is hit by Wray Flamand and loses puck.
19:04 of 3rd period - Wrist shot by Neale Pollak.
19:04 of 3rd period - Deflect By Yakov Raikovsky.
19:04 of 3rd period - Shot Misses the Net.
19:04 of 3rd period - Puck is out of play.
19:05 of 3rd period - Gunther Morel call a timeout for Stormbreakers.
19:05 of 3rd period - Neale Pollak wins face-off versus Wray Flamand in Stormbreakers zone.
19:12 of 3rd period - Snap shot by Neale Pollak.
19:12 of 3rd period - Shot Misses the Net.
19:14 of 3rd period - Minor Penalty to Per-Axel Ekengren for Holding.
19:15 of 3rd period - Wray Flamand wins face-off versus Kurt Palmqvist in Stormbreakers zone.
Goals for this period are 0 for Stormbreakers vs 2 for Stingrays.
Shots for this period are 8 for Stormbreakers vs 14 for Stingrays.

3 STARS

1st Star
LW
83
G 1
A 1
+/- 2
TOI 20:23
2nd Star
C
21
G 1
A 1
+/- 2
TOI 16:45
3rd Star
LW
5
G 1
A 0
+/- 1
TOI 16:14

Game Stats

STM
VS
STI
2 Goals 3
29 Shots 33
15 Blocked Shots 5
12 Missed Shots 18
50.9 Faceoff % 49.1
4 Power Plays 4
0 Power Play Goals 0
0 Power Play % 0

GAME DETAILS

VENUE
Unknown
CITY
Unknown
REFEREES
Charlie Van Kula, Bill McCreary
LINESMEN
CJ Murray, Ron Baxter
ATTENDANCE
16,962